 Dungeon Crawl Stone Soup version 0.30-a0-613-gdd512c7efb (webtiles) character file.

Game seed: 16554724193015867174

14580 oldriver the Skirmisher (level 12, -3/100 HPs)
             Began as a Formicid Wanderer on Jan 8, 2023.
             Was a High Priest of Okawaru.
             Slain by a cane toad (15 damage)
             ... on level 3 of the Lair of Beasts.
             The game lasted 00:33:23 (16368 turns).

oldriver the Skirmisher (Formicid Wanderer)        Turns: 16368, Time: 00:33:23

Health: -3/100     AC: 17    Str: 24    XL:     12   Next: 47%
Magic:  16/16      EV: 16    Int: 13    God:    Okawaru [*****.]
Gold:   831        SH:  0    Dex: 23    Spells: 17/17 levels left

rFire   . . .      SeeInvis +    a - +1 war axe (heavy)
rCold   + + .      Faith    .    (no shield)
rNeg    + . .      Spirit   .    J - +2 scale mail of Time Monsters {rC++ Dex+7}
rPois   .          Reflect  .    (helmet unavailable)
rElec   .          Harm     .    D - +0 cloak
rCorr   .          Rampage  .    d - +2 pair of gloves
Will    +....                    f - +0 pair of boots
Stlth   ++++                     q - amulet of magic regeneration
HPRegen 0.36/turn                h - ring of positive energy
MPRegen 0.55/turn                o - +6 ring of dexterity

@: heroic
A: permanent stasis, dig shafts and tunnels, antennae 3, four strong arms
a: Dig, Shaft Self, Renounce Religion, Heroism, Finesse, Duel


You were on level 3 of the Lair of Beasts.
You worshipped Okawaru.
Okawaru was extremely pleased with you.
You visited 3 branches of the dungeon, and saw 15 of its levels.
You also visited: Ossuary and Gauntlet.

You collected 831 gold pieces.

Inventory:

Hand Weapons
 a - a +1 heavy war axe (weapon)
 b - a +4 shortbow of flaming
 l - a +2 flail of draining
 C - a +3 halberd
Missiles
 g - 34 poisoned darts
 n - 71 stones (quivered)
 u - 5 boomerangs
 y - 12 javelins
 F - a curare-tipped dart
Armour
 d - a +2 pair of gloves (worn)
 f - a +0 pair of boots (worn)
 D - a +0 cloak (worn)
 J - the +2 scale mail of Time Monsters (worn) {rC++ Dex+7}
   (You found it on level 1 of the Lair of Beasts)

   Dex:       It affects your dexterity (+7).
   rC:        It greatly protects you from cold.
Jewellery
 h - a ring of positive energy (left hand)
 o - a +6 ring of dexterity (right hand)
 q - an amulet of magic regeneration (around neck)
 I - a ring of willpower
Wands
 c - a wand of iceblast (17)
 e - a wand of flame (27)
 H - a wand of digging (2)
Scrolls
 k - 2 scrolls of magic mapping
 t - 2 scrolls of fog
 v - a scroll of enchant armour
 x - 3 scrolls of fear
 G - a scroll of enchant weapon
 K - a scroll of amnesia
Potions
 i - 3 potions of flight
 m - a potion of ambrosia
 p - 8 potions of mutation
 r - a potion of magic
 w - 5 potions of lignification
 z - 5 potions of haste
 A - 4 potions of attraction
 B - 2 potions of resistance
 E - 2 potions of might
 L - 2 potions of brilliance


   Skills:
 + Level 11.1(16.1) Fighting
 - Level 7.3(12.3) Axes
 * Level 11.5(16.5) Ranged Weapons
 - Level 1.0(6.0) Throwing
 - Level 7.0(12.0) Armour
 - Level 3.0(8.0) Dodging
 + Level 5.1(10.1) Stealth
 - Level 3.2 Spellcasting
 - Level 5.0 Invocations
 - Level 4.0 Evocations


You had 17 spell levels left.
You didn't know any spells.
Your spell library contained the following spells:

 Spells                   Type           Power      Damage    Failure   Level
 Cigotuvi's Dreadful Rot  Necr/Pois/Air  4%         N/A       56%         2
 Sublimation of Blood     Necr           2%         N/A       56%         2
 Dazzling Flash           Conj/Hex       4%         N/A       80%         3
 Gell's Gravitas          Tloc           2%         N/A       80%         3
 Kindle Blastsparks       Fire/Tloc/Air  4%         2d10      80%         3
 Lesser Beckoning         Tloc           4%         N/A       80%         3
 Ozocubu's Armour         Ice            2%         N/A       80%         3
 Portal Projectile        Hex/Tloc       4%         N/A       80%         3
 Stone Arrow              Conj/Erth      4%         3d7       80%         3
 Teleport Other           Tloc           2%         N/A       80%         3
 Fulminant Prism          Conj/Hex       1%         3d5       99%         4
 Iskenderun's Mystic Bla  Conj/Tloc      2%         2d3       99%         4
 Petrify                  Tmut/Erth      2%         N/A       99%         4
 Agony                    Necr           2%         N/A       100%        5
 Blade Hands              Tmut           1%         N/A       100%        5
 Irradiate                Conj/Tmut      1%         3d12      100%        5
 Lee's Rapid Deconstruct  Erth           1%         3d4*      100%        5
 Metabolic Englaciation   Hex/Ice        1%         N/A       100%        5
 Silence                  Hex/Air        1%         N/A       100%        5
 Lehudib's Crystal Spear  Conj/Erth      1%         10d2      100%        8
 Tukima's Dance           Hex            Unusable   N/A       N/A         3
 Animate Armour           Summ/Erth      Unusable   N/A       N/A         4
 Simulacrum               Ice/Necr       Unusable   N/A       N/A         6

Dungeon Overview and Level Annotations

Branches:
Dungeon (11/15)            Temple (1/1) D:6            Lair (3/5) D:9
    Orc (0/2) D:11        Ossuary (visited)         Gauntlet (visited)
  Swamp: Lair:2-3    Shoals: Lair:2-3     Snake: Lair:2-3    Spider: Lair:2-3

Altars:
Ashenzari
Cheibriados
Dithmenos
Elyvilon
Fedhas
Gozag
Hepliaklqana
Kikubaaqudgha
Makhleb
Nemelex Xobeh
Okawaru
Qazlal
Ru
Sif Muna
Trog
Uskayaw
Vehumet
Wu Jian
Xom
Yredelemnul
Zin
The Shining One

Shops:
D:1 *


Innate Abilities, Weirdness & Mutations

You cannot be hasted, slowed, berserked, paralysed or teleported.
You can dig through walls and to a lower floor.
You have a pair of large antennae on your head. (SInv)
Your four strong arms can wield two-handed weapons with a shield.


Message History

The wolf barely misses you. The wolf completely misses you.
The cane toad stings you but does no damage.
The wolf bites you. The wolf misses you. The cane toad misses you.
You hit the wolf but do no damage. Your punch misses the wolf.
The wolf is moderately wounded.
You hit the cane toad. You barely miss the wolf. The wolf barely misses you.
The wolf bites you. The wolf closely misses you. The wolf misses you.
The wolf bites you but does no damage. The cane toad barely misses you.
The wolf barely misses you. The wolf misses you. x2
The cane toad stings you but does no damage.
You gain the combat prowess of a mighty hero.
The wolf bites you but does no damage. The wolf completely misses you.
The wolf bites you but does no damage. The cane toad stings you!
The wolf closely misses you. The wolf completely misses you.
The wolf barely misses you.
You closely miss the wolf.
The wolf is moderately wounded.
You slash the wolf! You barely miss the cane toad. You slash the wolf!
The wolf misses you. The wolf bites you! The wolf barely misses you.
The cane toad closely misses you. The wolf barely misses you.
The wolf misses you. The wolf bites you.
* * * LOW HITPOINT WARNING * * *
The cane toad stings you!
* * * LOW HITPOINT WARNING * * *
You hit the wolf.
The wolf is moderately wounded.
You hit the wolf but do no damage. You slash the wolf!
You kill the wolf!
Okawaru accepts your kill.
You slash the cane toad! The wolf closely misses you.
The wolf bites you but does no damage. The cane toad stings you!
* * * LOW HITPOINT WARNING * * *
The wolf bites you but does no damage. x2
You feel better. The wolf bites you but does no damage. The wolf bites you.
* * * LOW HITPOINT WARNING * * *
The cane toad closely misses you. The wolf closely misses you.
The wolf bites you.
* * * LOW HITPOINT WARNING * * *
You feel better. The cane toad stings you!
You die...

#................... ..
#................<..
....#...................
....#........†..##..#...
##..P...........#####...
................# #P...
###..#..P.......# ##...
+...............# #...
#.....F@†#......## ##...
P.....hh†#......P###....
(.......................
#.......................
....<.<..+......##.#....
......†..#.....#####....
..♣♣#....#.....# #P....
.. .♣.........# #.....
.......P ##....


You could see a cane toad and 2 wolves.

Vanquished Creatures
  Erica (D:8)
  A boulder beetle (Lair:2)
  3 black mambas
  Joseph (D:10)
  2 cane toads (Lair:2)
  A kobold demonologist (D:8)
  2 rime drakes (Lair:2)
  A komodo dragon (Lair:2)
  2 trolls (D:10)
  A polar bear (Lair:1)
  5 blink frogs (Lair:2)
  17 yaks
  2 wyverns
  A vampire (D:10)
  2 shadows
  Grum (Lair:1)
  A steam dragon (D:8)
  6 water moccasins
  An ice beast (D:6)
  5 orc warriors (D:9)
  A sky beast (D:8)
  A black bear (D:7)
  15 wolves
  2 phantoms (D:5)
  4 centaurs
  3 kobold brigands
  6 bullfrogs
  8 wights
  11 killer bees
  3 electric eels
  A vampire bat (D:4)
  A howler monkey (D:8)
  A human zombie (Ossuary)
  2 hounds (D:5)
  8 orc priests
  3 jellies
  A gnoll bouda (D:8)
  Jessica (D:2)
  3 iguanas
  Natasha (twice) (D:2)
  7 orc wizards
  4 mummies (Ossuary)
  4 gnolls
  3 adders
  A shadow imp (D:7)
  A white imp (D:5)
  An ufetubus (D:7)
  3 adder zombies (Ossuary)
  2 dart slugs (D:1)
  29 orcs
  5 ball pythons
  13 bats
  10 endoplasms
  A giant cockroach (D:1)
  13 goblins
  5 hobgoblins
  2 jackals (D:2)
  15 kobolds
  4 quokkas
  2 frilled lizards (D:2)
  A goblin zombie (Ossuary)
  A hobgoblin zombie (Ossuary)
  A kobold zombie (Ossuary)
  2 rats
  5 rat zombies (Ossuary)
268 creatures vanquished.

Vanquished Creatures (others)
  12 fungi
  34 plants
46 creatures vanquished.

Grand Total: 314 creatures vanquished

Notes
Turn   | Place    | Note
-------+----------+-------------------------------------------
     0 | D:1      | oldriver the Formicid Wanderer began the quest for the Orb.
     0 | D:1      | oldriver set off with the following items: a +0 dagger, 11
                  | poisoned darts, a wand of iceblast (2), a scroll of fear, a
                  | +0 leather armour; and the following spells available to
                  | memorise: Cigotuvi's Dreadful Rot, Sublimation of Blood.
     0 | D:1      | Reached XP level 1. HP: 15/15 MP: 4/4
     7 | D:1      | Found Leinic's General Store.
    19 | D:1      | Reached XP level 2. HP: 9/22 MP: 6/6
   259 | D:1      | Reached XP level 3. HP: 19/28 MP: 7/7
   563 | D:1      | Found a faded altar of an unknown god.
  1351 | D:2      | Reached XP level 4. HP: 35/35 MP: 8/8
  1576 | D:2      | Noticed Jessica
  1594 | D:2      | Killed Jessica
  1595 | D:2      | Reached skill level 1 in Axes
  1741 | D:2      | Noticed Natasha
  1747 | D:2      | Killed Natasha
  1748 | D:2      | Reached XP level 5. HP: 39/41 MP: 9/9
  1875 | D:2      | Noticed Natasha
  1885 | D:2      | Killed Natasha
  2854 | D:4      | Reached XP level 6. HP: 48/48 MP: 10/10
  3687 | D:5      | Entered Level 5 of the Dungeon
  3766 | D:5      | Reached XP level 7. HP: 53/55 MP: 11/11
  3823 | D:5      | Reached skill level 5 in Fighting
  4139 | D:5      | Reached skill level 5 in Axes
  4934 | D:6      | Reached XP level 8. HP: 19/63 MP: 12/12
  5225 | D:6      | Identified the +0 leather armour of Follow the Leader
                  | {-Cast Dex+6}
  5271 | D:6      | Found a stormy altar of Qazlal.
  5388 | D:6      | Found a staircase to the Ecumenical Temple.
  5407 | D:6      | Found a glowing silver altar of Zin.
  5435 | Temple   | Entered the Ecumenical Temple
  5602 | Temple   | Became a worshipper of Warmaster Okawaru
  5644 | D:6      | Found a shimmering blue altar of Sif Muna.
  5987 | D:7      | Found a sand-covered staircase.
  5996 | Ossuary  | Entered an ossuary
  6631 | D:7      | Reached skill level 1 in Armour
  7912 | D:8      | Found a blossoming altar of Fedhas.
  7940 | D:8      | Noticed Erica
  7962 | D:8      | Reached skill level 5 in Stealth
  7962 | D:8      | Reached XP level 9. HP: 34/71 MP: 13/13
  8292 | D:7      | Reached skill level 1 in Ranged Weapons
  8903 | D:8      | Reached * piety under Okawaru
  8914 | D:8      | Killed Erica
  9092 | D:8      | Reached skill level 5 in Ranged Weapons
  9558 | D:8      | Noticed a kobold demonologist
  9576 | D:8      | Killed a kobold demonologist
  9576 | D:8      | Reached ** piety under Okawaru
  9577 | D:8      | Reached XP level 10. HP: 78/80 MP: 12/14
 10299 | D:9      | Reached skill level 1 in Invocations
 10565 | D:9      | Found a staircase to the Lair.
 10866 | D:8      | Reached *** piety under Okawaru
 11505 | D:10     | Entered Level 10 of the Dungeon
 11569 | D:10     | Noticed Joseph
 11662 | D:10     | Reached **** piety under Okawaru
 11792 | D:10     | Found a glowing golden altar of the Shining One.
 11804 | D:10     | Found a hazy altar of Hepliaklqana.
 11913 | D:11     | Identified the +0 pair of gloves "Wecujay" {Harm Will-
                  | rCorr Str+8}
 11926 | D:11     | Found a gate leading to a gauntlet.
 11931 | Gauntlet | Entered a Gauntlet
 11931 | Gauntlet | Noticed a salamander
 11931 | Gauntlet | Noticed a water nymph
 11931 | Gauntlet | Found a transporter.
 11931 | Gauntlet | Found a transporter.
 11931 | Gauntlet | Found a runed translucent gate.
 11939 | Gauntlet | Found a transporter.
 11939 | Gauntlet | Noticed a komodo dragon
 11939 | Gauntlet | a komodo dragon changed into a meliai
 11943 | Gauntlet | Found a transporter.
 11954 | Gauntlet | Found a transporter.
 11955 | Gauntlet | Found a transporter.
 11962 | Gauntlet | Noticed a reaper
 11963 | Gauntlet | Found a transporter.
 11976 | Gauntlet | Noticed a catoblepas
 11979 | Gauntlet | Found a transporter.
 11979 | Gauntlet | Noticed a gargoyle
 11982 | Gauntlet | Noticed a gargoyle
 11991 | Gauntlet | Noticed a molten gargoyle
 11996 | Gauntlet | Found a transporter.
 11997 | Gauntlet | Found a transporter.
 11998 | Gauntlet | Found a runed translucent door.
 12008 | Gauntlet | Found a transporter.
 12009 | Gauntlet | Found a transporter.
 12011 | Gauntlet | Found a runed translucent gate.
 12011 | Gauntlet | Found a runed translucent gate.
 12014 | Gauntlet | Noticed a worldbinder
 12031 | Gauntlet | Noticed a faun
 12032 | Gauntlet | Noticed a guardian serpent
 12042 | Gauntlet | Noticed a komodo dragon
 12053 | Gauntlet | a guardian serpent changed into a shapeshifter
 12092 | Gauntlet | a dream sheep changed into a death drake
 12092 | Gauntlet | Noticed a death drake (shapeshifter)
 12227 | D:10     | Killed Joseph
 12228 | D:10     | Reached XP level 11. HP: 33/86 MP: 15/15
 12791 | D:10     | Reached skill level 5 in Armour
 13122 | Lair:1   | Entered Level 1 of the Lair of Beasts
 13126 | Lair:1   | Noticed Grum
 13363 | Lair:1   | Killed Grum
 13377 | Lair:1   | Identified the +2 scale mail of Time Monsters {rC++ Dex+7}
 13491 | Lair:1   | Reached skill level 10 in Fighting
 13495 | Lair:1   | Reached ***** piety under Okawaru
 13783 | Lair:2   | Reached skill level 10 in Ranged Weapons
 14275 | Lair:2   | Noticed a boulder beetle
 14578 | Lair:2   | Killed a boulder beetle
 14579 | Lair:2   | Reached XP level 12. HP: 98/98 MP: 16/16
 15006 | Lair:2   | Identified the +2 robe of Catatonia {Str+3} (Okawaru gifted
                  | it to you on level 2 of the Lair of Beasts)
 15006 | Lair:2   | Received a gift from Okawaru
 15007 | Lair:2   | Reached skill level 5 in Invocations
 16366 | Lair:3   | HP: 3/100 [cane toad (10)]
 16368 | Lair:3   | Slain by a cane toad

Illustrated notes

Levels and vault maps discovered:
D:1:      eino_arrival_water_star, layout_basic,
          shapermc_ecumenical_altar_mp_vishouse, serial_shops, shop
D:2:      layout_loops_cross, skrybe_limestone_x, uniq_natasha, uniq_jessica
D:3:      layout_basic, grunt_decor_junction
D:4:      layout_gridville, roderic_batcave
D:5:      layout_loops_ring, serial_glass, glass_columns_a, glass_columns_a,
          lemuel_flamethrower_2
D:6:      layout_gridville, nicolae_qazlal_eye_of_the_storm,
          mainiacjoe_overflow_concentric_impassable, zin_statuary,
          minmay_temple_entry_statues_fountains
D:7:      layout_gridville, serial_bayou, serial_bayou_pond_a,
          serial_bayou_shore_b, serial_bayou_lake_a, serial_bayou_pond_e,
          enter_ossuary_1
D:8:      layout_loops_ring, fedhas_altar_1, chequers_serial_rivers_room_a,
          uniq_erica
D:9:      layout_stronghold, dpeg_oklobed_lair
D:10:     layout_rooms, amethyst_overflow_temple_binary, uniq_joseph
D:11:     layout_basic, orc_0_dummy, gauntlet_entry_generic
Temple:   regret_index_temple_sphere_string
Lair:1:   layout_gridlike, uniq_grum
Lair:2:   layout_small_grid, serial_bayou_shore_a, infiniplex_staircase_pool_2,
          grunt_megastairs_4
Lair:3:   layout_chaotic_city, nicolae_swamp_entry_splash_gauntlet,
          hellmonk_spider_entry_not_the_bees, gammafunk_ghost_berserking_beasts,
          grunt_forest_large_clearing_hut

Skill      XL: |  1  2  3  4  5  6  7  8  9 10 11 12 |
---------------+-------------------------------------+-----
Fighting       | 2 3 4 5 6 8 9 10 11 | 11.1
Stealth        | 2 3 4 5 |  5.1
Axes           | 1 2 4 5 7 |  7.3
Armour         | 2 3 4 6 7 |  7.0
Ranged Weapons | 5 8 10 11 | 11.5
Invocations    | 3 4 5 |  5.0
Dodging        | 2 3 |  3.0
Evocations     | 4 |  4.0
Throwing       | |  1.0
Spellcasting   | |  3.2

Action                   |  1- 3 |  4- 6 |  7- 9 | 10-12 || total
-------------------------+-------+-------+-------+-------++-------
Melee: Dagger            |    29 |       |       |       ||    29
       Spear             |    92 |    47 |       |       ||   139
       Punch             |     2 |     1 |       |     3 ||     6
       War axe           |       |    80 |   180 |   183 ||   443
 Fire: Shortbow          |       |       |    28 |   296 ||   324
Throw: Dart              |     1 |     5 |    14 |       ||    20
       Stone             |       |    17 |    37 |       ||    54
Invok: Heroism           |       |       |     1 |     3 ||     4
Evoke: Wand              |     1 |       |       |       ||     1
  Use: Scroll            |     1 |    11 |     8 |    10 ||    30
       Potion            |       |       |     3 |     3 ||     6
 Stab: Sleeping          |     1 |     7 |     2 |       ||    10
Armor: Leather armour    |    36 |    61 |    71 |       ||   168
       Skin              |       |       |    15 |       ||    15
       Steam dragon scal |       |       |     5 |    63 ||    68
       Scale mail        |       |       |       |    88 ||    88
       Troll leather arm |       |       |       |     7 ||     7
Dodge: Dodged            |    69 |    99 |   152 |   283 ||   603

Table legend: (Time is in decaauts)
 A = Elapsed time spent in this place.
 B = Non-inter-level travel time spent in this place.
 C = Inter-level travel time spent in this place.
 D = Time resting spent in this place.
 E = Time spent auto-exploring this place.
 F = Levels seen in this place.
 G = Mean time per level.
                   A        B        C        D        E       F      G
               +--------+--------+--------+--------+--------+-----+--------+
         Total |  16714 |  15885 |    829 |   3636 |   8411 |  17 |  983.2 |
       Dungeon |  12501 |  11838 |    663 |   2219 |   6938 |  11 | 1136.5 |
        Temple |    189 |    139 |     50 |      0 |    126 |   1 |  189.0 |
          Lair |   3310 |   3196 |    114 |   1242 |   1111 |   3 | 1103.3 |
       Ossuary |    486 |    486 |      0 |    175 |    154 |   1 |  486.0 |
      Gauntlet |    225 |    225 |      0 |      0 |     82 |   1 |  225.0 |
               +--------+--------+--------+--------+--------+-----+--------+

Top non-repeatable levels by time:
  Lair:2: 2099 daAuts
     D:7: 1927 daAuts
     D:8: 1703 daAuts
     D:9: 1538 daAuts
    D:10: 1312 daAuts
     D:1: 1199 daAuts
     D:5: 1111 daAuts
  Lair:1: 1078 daAuts
     D:4: 988 daAuts
     D:6: 949 daAuts
     D:3: 845 daAuts
     D:2: 823 daAuts
 Ossuary: 486 daAuts
Gauntlet: 225 daAuts
  Temple: 189 daAuts
